 Dungeon Crawl Stone Soup version 0.30-a0-142-g7370640ec8 (webtiles) character file.

Game seed: 14093929635697592616

1403 qw the Cleaver (level 8, -13/51 HPs)
             Began as a Gargoyle Fighter on Sept 26, 2022.
             Was an Initiate of Okawaru.
             Mangled by a manticore (15 damage)
             ... on level 7 of the Dungeon.
             The game lasted 00:02:26 (7133 turns).

qw the Cleaver (Gargoyle Fighter)                   Turns: 7133, Time: 00:02:27

Health: -13/51     AC: 18    Str: 22    XL:     8   Next: 69%
Magic:  8/8        EV:  7    Int:  9    God:    Okawaru [......]
Gold:   236        SH:  4    Dex:  9    Spells: 7/7 levels left

rFire   . . .      SeeInvis .    Y - +4 war axe
rCold   + . .      Faith    .    c - +0 buckler
rNeg    + . .      Spirit   .    e - +0 chain mail
rPois   inf        Reflect  .    i - +0 helmet
rElec   +          Harm     .    r - +0 cloak
rCorr   .          Rampage  .    (no gloves)
Will    .....                    j - +0 pair of boots
Stlth   ..........               (no amulet)
HPRegen 0.17/turn                b - ring of protection from cold
MPRegen 0.11/turn                (no ring)

@: no status effects
A: sickness immunity, AC +5, negative energy resistance 1, electricity
resistance, torment resistance 1, petrification resistance
a: Renounce Religion


You were on level 7 of the Dungeon.
You worshipped Okawaru.
Okawaru was noncommittal.
You visited 2 branches of the dungeon, and saw 8 of its levels.

You collected 351 gold pieces.
You spent 115 gold pieces at shops.


Innate Abilities, Weirdness & Mutations

You are immune to sickness and miasma.
Your stone body is resilient. (AC +5)
You are immune to poison.
You resist negative energy. (rN+)
You are resistant to electric shocks. (rElec)
You are resistant to unholy torment.
You are immune to petrification.


   Skills:
 - Level 6.2 Fighting
 + Level 8.2 Axes
 - Level 4.3 Armour
 - Level 1.0 Dodging
 - Level 3.2 Shields


You had 7 spell levels left.
You didn't know any spells.
Your spell library was empty.

Inventory:

Hand Weapons
 n - a +0 flail
 Y - a +4 war axe (weapon)
Armour
 c - a +0 buckler (worn)
 e - a +0 chain mail (worn)
 i - a +0 helmet (worn)
 j - a +0 pair of boots (worn)
 k - a +1 ring mail of cold resistance
 r - a +0 cloak (worn)
Jewellery
 b - a ring of protection from cold (left hand)
Scrolls
 a - 2 scrolls of identify
Potions
 d - a potion of might
 f - a potion of attraction
 g - a potion of heal wounds
 h - a potion of lignification {unknown}
 l - a potion of mutation {unknown}
 m - a potion of haste
 o - a potion of curing
 p - a potion of ambrosia {unknown}
 q - a potion of berserk rage {unknown}

Dungeon Overview and Level Annotations

Branches:
Dungeon (7/15)             Temple (1/1) D:4

Altars:
Ashenzari
Cheibriados
Dithmenos
Elyvilon
Kikubaaqudgha
Makhleb
Okawaru
Qazlal
Ru
Sif Muna
Trog
Vehumet
Xom
Yredelemnul
Zin
The Shining One

Shops:
D:4 *

Annotations:
D:3 3 runed translucent doors, qw's ghost, amateur GrFi


Message History

You start waiting.
A manticore is nearby!
You barely miss the manticore. You block the manticore's attack.
The manticore claws you but does no damage.
The manticore claws you. The manticore bites you!
The manticore claws you but does no damage. x2
You slash the manticore!
The manticore is lightly wounded.
The manticore bites you but does no damage.
You block the manticore's attack. The manticore completely misses you.
You barely miss the manticore.
The manticore is lightly wounded.
The manticore barely misses you. x2; The manticore claws you.
You barely miss the manticore.
The manticore is lightly wounded.
The manticore barely misses you. The manticore claws you!
You block the manticore's attack.
You hit the manticore.
The manticore is moderately wounded.
The manticore bites you but does no damage.
The manticore barely misses you.
The manticore claws you but does no damage.
You barely miss the manticore.
The manticore is moderately wounded.
The manticore bites you but does no damage.
The manticore claws you but does no damage. x2
You hit the manticore.
The manticore is moderately wounded.
The manticore bites you but does no damage.
The manticore claws you. You block the manticore's attack.
You hit the manticore.
The manticore is moderately wounded.
The manticore completely misses you. The manticore closely misses you.
The manticore claws you but does no damage.
You hit the manticore.
The manticore is heavily wounded.
The manticore bites you!! You block the manticore's attack.
The manticore claws you. The manticore bites you!
You die...

#.# #.# #.# #####.#
#######.....#
###...........#
..............##########
########................
............@##########
#######.....H..#
#..........>
#.####....#.#
#.........# #
#.......... #...........
#............
########......##..
#######


You could see a manticore.

Vanquished Creatures
  A water moccasin (D:5)
  3 ogres
  A phantom (D:4)
  3 scorpions
  A bullfrog (D:7)
  3 howler monkeys
  2 jellies (D:6)
  A gnoll bouda (D:5)
  An orc priest (D:4)
  2 hounds
  4 iguanas
  4 orc wizards (D:4)
  8 gnolls
  4 adders
  2 worms
  3 dart slugs
  13 orcs
  11 endoplasms
  4 giant cockroaches
  6 hobgoblins
  11 jackals
  2 quokkas (D:1)
  9 ball pythons
  5 bats
  7 frilled lizards
  6 goblins
  7 kobolds
  7 rats (D:1)
131 creatures vanquished.

Notes
Turn   | Place    | Note
-------+----------+-------------------------------------------
     0 | D:1      | qw the Gargoyle Fighter began the quest for the Orb.
     0 | D:1      | Reached XP level 1. HP: 14/14 MP: 1/1
     0 | D:1      | 0 ||| qw: Version: 0.2-a-10-g399e6c4
     0 | D:1      | 0 ||| qw: Game counter: 466
     0 | D:1      | 0 ||| qw: Always use a shield: true
     0 | D:1      | 0 ||| qw: God list: Okawaru
     0 | D:1      | 0 ||| qw: Allow faded altars: false
     0 | D:1      | 0 ||| qw: Do Orc after D:15 true
     0 | D:1      | 0 ||| qw: Do second Lair branch before Depths: true
     0 | D:1      | 0 ||| qw: Lair rune preference: random
     0 | D:1      | 0 ||| qw: Plans: Normal, Zot:1-4, God:TSO, Crypt, Tomb,
                  | Pan, Slime:5, Hells, Abyss, Orb
     0 | D:1      | 0 ||| PLANNING D:1-11
    44 | D:1      | Reached skill level 2 in Axes
   174 | D:1      | Reached XP level 2. HP: 14/19 MP: 2/2
   474 | D:1      | 474 ||| DROPPING +0 club.
   634 | D:1      | Found a faded altar of an unknown god.
   741 | D:1      | Reached skill level 3 in Axes
   830 | D:1      | Reached XP level 3. HP: 23/23 MP: 3/3
   882 | D:1      | 882 ||| Stepping ~*~*~tactically~*~*~ (stealth).
  1080 | D:1      | 1080 ||| DROPPING amulet of faith.
  1081 | D:1      | 1081 ||| READING scroll labelled SUSTRY MISKAUD.
  1082 | D:1      | 1082 ||| READING scroll labelled HOANOR HYQADE.
  1083 | D:1      | 1083 ||| READING scroll labelled ROUFUO SIETAKH.
  1084 | D:1      | 1084 ||| READING scroll labelled SESKES RALAVU.
  1089 | D:1      | 1089 ||| DRINKING 2 orange potions.
  1090 | D:1      | 1090 ||| DRINKING 2 ruby potions.
  1091 | D:1      | 1091 ||| DROPPING potion of degeneration.
  1110 | D:2      | 1110 ||| STAIRDANCE
  1134 | D:2      | 1134 ||| STAIRDANCE
  1538 | D:2      | 1538 ||| Stepping ~*~*~tactically~*~*~ (stealth).
  1556 | D:2      | Reached XP level 4. HP: 25/28 MP: 4/4
  1877 | D:2      | Reached skill level 4 in Axes
  1985 | D:2      | 1985 ||| READING scroll labelled WUOMOCHOIMO.
  1986 | D:2      | 1986 ||| READING scroll labelled XEDDEX IHEISE.
  1987 | D:2      | 1987 ||| READING scroll labelled ERGHOSE VOEH.
  1988 | D:2      | 1988 ||| DRINKING 2 fizzy green potions.
  2028 | D:3      | 2028 ||| STAIRDANCE
  2101 | D:3      | Found a shadowy altar of Dithmenos.
  2239 | D:3      | 2239 ||| Stepping ~*~*~tactically~*~*~ (stealth).
  2259 | D:3      | 2259 ||| Stepping ~*~*~tactically~*~*~ (stealth).
  2738 | D:3      | Found a runed translucent gate.
  2738 | D:3      | Found a runed translucent gate.
  2740 | D:3      | Found a runed translucent gate.
  2742 | D:3      | Noticed qw's ghost (amateur GrFi)
  2742 | D:3      | Noticed qw's ghost (amateur GrFi)
  2799 | D:3      | 2799 ||| UPGRADING to +0 chain mail.
  2809 | D:3      | 2809 ||| DROPPING +0 scale mail.
  2810 | D:3      | 2810 ||| UPGRADING to +0 pair of boots.
  2815 | D:3      | 2815 ||| READING scroll labelled YVIAFI ABOFF.
  2871 | D:4      | Found Imobos's Assorted Antiques.
  2886 | D:4      | 2886 ||| SHOPLISTING glowing hat (161 gold, have 132).
  2886 | D:4      | 2886 ||| BUYING glowing sapphire ring (115 gold).
  2886 | D:4      | Bought a glowing sapphire ring for 115 gold pieces
  2886 | D:4      | 2886 ||| SHOPLISTING scroll labelled VIUC VEAMOAVVO (23
                  | gold, have 17).
  2886 | D:4      | 2886 ||| SHOPLISTING scroll of teleportation (69 gold, have
                  | 17).
  2886 | D:4      | 2886 ||| SHOPLISTING twisted soapstone amulet (115 gold,
                  | have 17).
  2923 | D:4      | Found a staircase to the Ecumenical Temple.
  2948 | D:4      | 2948 ||| Stepping ~*~*~tactically~*~*~ (hiding).
  2960 | D:4      | 2960 ||| FLEEEEING.
  2961 | D:4      | 2961 ||| FLEEEEING.
  2962 | D:4      | 2962 ||| FLEEEEING.
  2963 | D:4      | 2963 ||| FLEEEEING.
  2964 | D:4      | 2964 ||| FLEEEEING.
  2969 | D:4      | 2969 ||| FLEEEEING.
  2970 | D:4      | 2970 ||| FLEEEEING.
  2971 | D:4      | 2971 ||| FLEEEEING.
  2972 | D:4      | 2972 ||| FLEEEEING.
  3047 | D:4      | 3047 ||| Stepping ~*~*~tactically~*~*~ (stealth).
  3048 | D:4      | 3048 ||| Stepping ~*~*~tactically~*~*~ (stealth).
  3050 | D:4      | 3050 ||| Stepping ~*~*~tactically~*~*~ (hiding).
  3055 | D:4      | 3055 ||| DRINKING potion of curing.
  3055 | D:4      | 3055 ||| (to cure confusion)
  3074 | D:4      | Reached XP level 5. HP: 22/32 MP: 5/5
  3084 | D:4      | Reached skill level 5 in Axes
  3462 | D:4      | Reached XP level 6. HP: 17/38 MP: 6/6
  3686 | D:4      | 3686 ||| PLANNING TEMPLE
  3686 | D:4      | 3686 ||| FLEEEEING.
  3687 | D:4      | 3687 ||| FLEEEEING.
  3688 | D:4      | 3688 ||| FLEEEEING.
  3689 | D:4      | 3689 ||| FLEEEEING.
  3690 | D:4      | 3690 ||| FLEEEEING.
  3691 | D:4      | 3691 ||| FLEEEEING.
  3692 | D:4      | 3692 ||| FLEEEEING.
  3698 | D:4      | 3698 ||| FLEEEEING.
  3702 | D:4      | 3702 ||| FLEEEEING.
  3703 | D:4      | 3703 ||| FLEEEEING.
  3704 | D:4      | 3704 ||| FLEEEEING.
  3705 | D:4      | 3705 ||| FLEEEEING.
  3706 | D:4      | 3706 ||| FLEEEEING.
  3707 | D:4      | 3707 ||| FLEEEEING.
  3708 | D:4      | 3708 ||| FLEEEEING.
  3709 | D:4      | 3709 ||| FLEEEEING.
  3710 | D:4      | 3710 ||| FLEEEEING.
  3719 | D:4      | 3719 ||| FLEEEEING.
  3720 | D:4      | 3720 ||| FLEEEEING.
  3721 | D:4      | 3721 ||| FLEEEEING.
  3722 | D:4      | 3722 ||| FLEEEEING.
  3723 | D:4      | 3723 ||| FLEEEEING.
  3724 | D:4      | 3724 ||| FLEEEEING.
  3725 | D:4      | 3725 ||| FLEEEEING.
  3726 | D:4      | 3726 ||| FLEEEEING.
  3727 | D:4      | 3727 ||| FLEEEEING.
  3728 | D:4      | 3728 ||| FLEEEEING.
  3733 | D:4      | 3733 ||| FLEEEEING.
  3734 | D:4      | 3734 ||| FLEEEEING.
  3735 | D:4      | 3735 ||| FLEEEEING.
  3736 | D:4      | 3736 ||| FLEEEEING.
  3737 | D:4      | 3737 ||| FLEEEEING.
  3738 | D:4      | 3738 ||| FLEEEEING.
  3739 | D:4      | 3739 ||| FLEEEEING.
  3740 | D:4      | 3740 ||| FLEEEEING.
  3741 | D:4      | 3741 ||| FLEEEEING.
  3742 | D:4      | 3742 ||| FLEEEEING.
  3743 | D:4      | 3743 ||| FLEEEEING.
  3744 | D:4      | 3744 ||| FLEEEEING.
  3746 | D:4      | 3746 ||| FLEEEEING.
  3747 | D:4      | 3747 ||| FLEEEEING.
  3748 | D:4      | 3748 ||| FLEEEEING.
  3749 | D:4      | 3749 ||| FLEEEEING.
  3750 | D:4      | 3750 ||| FLEEEEING.
  3754 | D:4      | 3754 ||| FLEEEEING.
  3755 | D:4      | 3755 ||| FLEEEEING.
  3756 | D:4      | 3756 ||| FLEEEEING.
  3757 | D:4      | 3757 ||| FLEEEEING.
  3758 | D:4      | 3758 ||| FLEEEEING.
  3759 | D:4      | 3759 ||| FLEEEEING.
  3760 | D:4      | 3760 ||| FLEEEEING.
  3761 | D:4      | 3761 ||| FLEEEEING.
  3762 | D:4      | 3762 ||| FLEEEEING.
  3763 | D:4      | 3763 ||| FLEEEEING.
  3768 | D:4      | 3768 ||| STAIRDANCE
  3799 | D:3      | 3799 ||| UPGRADING to ring of protection from cold.
  3800 | D:3      | 3800 ||| DRINKING 2 sedimented purple potions.
  3832 | D:4      | 3832 ||| STAIRDANCE
  3899 | D:4      | 3899 ||| STAIRDANCE
  4003 | Temple   | Entered the Ecumenical Temple
  4206 | Temple   | 4206 ||| PLANNING D:1-11
  4226 | D:4      | 4226 ||| Stepping ~*~*~tactically~*~*~ (stealth).
  4227 | D:4      | 4227 ||| Stepping ~*~*~tactically~*~*~ (hiding).
  4375 | D:4      | 4375 ||| DROPPING +0 mace.
  4477 | D:4      | 4477 ||| READING scroll of enchant weapon.
  4477 | D:4      | 4477 ||| ENCHANTING +1 war axe.
  4574 | D:4      | Reached skill level 6 in Axes
  4574 | D:4      | Reached XP level 7. HP: 43/43 MP: 7/7
  4774 | D:4      | 4774 ||| READING scroll of enchant weapon.
  4774 | D:4      | 4774 ||| ENCHANTING +2 war axe.
  4936 | D:4      | 4936 ||| READING scroll labelled DINARPH YPRYBU.
  4948 | D:5      | Entered Level 5 of the Dungeon
  4952 | D:5      | Reached skill level 1 in Dodging
  4961 | D:5      | 4961 ||| READING scroll of enchant weapon.
  4961 | D:5      | 4961 ||| ENCHANTING +3 war axe.
  5039 | D:5      | Found a broken altar of Ashenzari.
  5064 | D:5      | Reached skill level 7 in Axes
  5065 | D:5      | 5065 ||| Stepping ~*~*~tactically~*~*~ (stealth).
  5116 | D:5      | 5116 ||| FLEEEEING.
  5117 | D:5      | 5117 ||| FLEEEEING.
  5119 | D:5      | 5119 ||| FLEEEEING.
  5120 | D:5      | 5120 ||| FLEEEEING.
  5121 | D:5      | 5121 ||| FLEEEEING.
  5122 | D:5      | 5122 ||| FLEEEEING.
  5123 | D:5      | 5123 ||| FLEEEEING.
  5124 | D:5      | 5124 ||| FLEEEEING.
  5125 | D:5      | 5125 ||| FLEEEEING.
  5126 | D:5      | 5126 ||| FLEEEEING.
  5127 | D:5      | 5127 ||| FLEEEEING.
  5128 | D:5      | 5128 ||| FLEEEEING.
  5131 | D:5      | 5131 ||| FLEEEEING.
  5133 | D:5      | 5133 ||| FLEEEEING.
  5134 | D:5      | 5134 ||| FLEEEEING.
  5135 | D:5      | 5135 ||| FLEEEEING.
  5138 | D:5      | 5138 ||| FLEEEEING.
  5139 | D:5      | 5139 ||| FLEEEEING.
  5150 | D:5      | 5150 ||| FLEEEEING.
  5151 | D:5      | 5151 ||| FLEEEEING.
  5152 | D:5      | 5152 ||| FLEEEEING.
  5153 | D:5      | 5153 ||| FLEEEEING.
  5154 | D:5      | 5154 ||| FLEEEEING.
  5155 | D:5      | 5155 ||| FLEEEEING.
  5156 | D:5      | 5156 ||| FLEEEEING.
  5157 | D:5      | 5157 ||| STAIRDANCE
  5233 | D:4      | 5233 ||| UPGRADING to +0 cloak.
  5238 | D:4      | 5238 ||| READING scroll labelled BIOSEN RUPLUPU.
  5316 | D:5      | Reached XP level 8. HP: 40/49 MP: 8/8
  5728 | D:5      | 5728 ||| DRINKING 2 fuming clear potions.
  5729 | D:5      | 5729 ||| DROPPING potion of flight.
  5786 | D:6      | 5786 ||| Stepping ~*~*~tactically~*~*~ (hiding).
  5790 | D:6      | 5790 ||| Stepping ~*~*~tactically~*~*~ (hiding).
  5869 | D:6      | 5869 ||| Stepping ~*~*~tactically~*~*~ (hiding).
  6169 | D:6      | Reached skill level 8 in Axes
  6299 | D:6      | Found an iron altar of Okawaru.
  6300 | D:6      | 6300 ||| PLANNING OKAWARU WORSHIP
  6300 | D:6      | 6300 ||| DROPPING +3 ring mail.
  6301 | D:6      | 6301 ||| READING 2 scrolls of identify.
  6301 | D:6      | 6301 ||| IDENTIFYING glowing silvery potion
  6305 | D:6      | 6305 ||| FLEEEEING.
  6306 | D:6      | 6306 ||| FLEEEEING.
  6307 | D:6      | 6307 ||| FLEEEEING.
  6311 | D:6      | 6311 ||| STAIRDANCE
  6315 | D:6      | 6315 ||| STAIRDANCE
  6322 | D:6      | 6322 ||| STAIRDANCE
  6410 | D:6      | Became a worshipper of Warmaster Okawaru
  6411 | D:6      | 6411 ||| PLANNING D:1-11
  6640 | D:6      | Identified the +4 robe "Vyakliakoy" {Regen+}
  6830 | D:6      | 6830 ||| UPGRADING to +0 helmet.
  6835 | D:6      | 6835 ||| DRINKING 2 lumpy yellow potions.
  6836 | D:6      | 6836 ||| DROPPING potion of brilliance.
  6894 | D:7      | Reached skill level 6 in Fighting
  7119 | D:7      | Noticed a manticore
  7120 | D:7      | 7120 ||| Stepping ~*~*~tactically~*~*~ (hiding).
  7133 | D:7      | HP: 8/51 [manticore (18)]
  7133 | D:7      | HP: 2/51 [manticore (6)]
  7133 | D:7      | Mangled by a manticore

Levels and vault maps discovered:
D:1:      minmay_arrival_solitary_statue, layout_basic,
          shapermc_ecumenical_altar_ellora, minmay_box_of_dots
D:2:      layout_loops_cross, grunt_ministairs_13, kennysheep_pointless_box,
          minmay_misc_feat_diagonals, grunt_decor_fettered
D:3:      layout_basic, mainiacjoe_overflow_alcove_4, gammafunk_ghost_cemetery,
          kennysheep_path_1, kennysheep_generic_room_8
D:4:      layout_basic, temple_doors_e, serial_shops, shop_statue,
          minmay_increasing_density
D:5:      layout_rooms, mainiacjoe_overflow_24_doors, hex_intersection
D:6:      layout_basic, mainiacjoe_overflow_cross_hatched,
          minmay_misc_feat_room, chequers_garden
D:7:      layout_basic, minitemple, minivault_5
Temple:   nicolae_temple_figure_eight

Skill      XL: |  1  2  3  4  5  6  7  8 |
---------------+-------------------------+-----
Axes           | 2 3 4 5 6 7 8 |  8.2
Fighting       | 4 5 6 |  6.2
Dodging        | 1 |  1.0
Armour         | 4 |  4.3
Shields        | |  3.2

Action                   |  1- 3 |  4- 6 |  7- 9 || total
-------------------------+-------+-------+-------++-------
Melee: War axe           |   133 |   150 |   126 ||   409
Throw: Boomerang         |     5 |       |       ||     5
  Use: Scroll            |     4 |     5 |     5 ||    14
       Potion            |     2 |     3 |     2 ||     7
Armor: Scale mail        |    92 |    31 |       ||   123
       Chain mail        |       |    75 |    89 ||   164
Dodge: Dodged            |    67 |    46 |    42 ||   155
Block: Buckler           |    35 |    19 |    17 ||    71

Table legend:
 A = Non-vault XP
 B = Vault XP
 C = Vault XP percentage of total XP
 D = Non-vault monster count
 E = Vault monster count
 F = Vault count percentage of total count
                 A         B        C        D         E       F
            +---------+---------+-------+---------+---------+-------
      Total |    1729 |     276 |  13.8 |     115 |      16 |  12.2
            +---------+---------+-------+---------+---------+-------
        D:1 |      37 |      14 |  27.5 |      25 |       7 |  21.9
        D:2 |      50 |       0 |   0.0 |      21 |       0 |   0.0
        D:3 |      39 |      13 |  25.0 |      13 |       1 |   7.1
        D:4 |     245 |     249 |  50.4 |      20 |       8 |  28.6
        D:5 |     779 |       0 |   0.0 |      22 |       0 |   0.0
        D:6 |     451 |       0 |   0.0 |      12 |       0 |   0.0
        D:7 |     128 |       0 |   0.0 |       2 |       0 |   0.0
            +---------+---------+-------+---------+---------+-------
